AoeStats
← |GaoeG| flamingo

Nomad

509861449Analyzed
2v2 RM · 2d ago on Sep 28, 2026· 54m 23s· 4 players
Game mode
Random Map
Map size
176×176
Population
200
Speed
Normal
Resources
Standard
Victory
Conquest
Starting age
Dark Age
Ending age
Imperial Age
RankedLock teamsTeams togetherTeam positionsShared explorationLock speedFull tech treeHidden civsTurbo modeCheats
Victory
Defeat
🇪🇸 Berbers · Spain
1249
+10
🇪🇸 Spanish · Spain
1196
+12
🇯🇵 Khmer · Japan
1135
-12
🇹🇼 Franks · Taiwan
1078
-10
小胖胖
6:09 Loom
13:59 Feudal Age
16:49 Double-Bit Axe
21:40 Castle Age
19:44 Fishing Lines
22:28 Wheelbarrow
22:03 Forging
22:32 Bow Saw
22:29 Husbandry
22:36 Scale Barding Armor
22:49 Gillnets
26:55 Chain Barding Armor
27:11 Iron Casting
31:21 Gold Mining
31:49 Stone Mining
34:05 Hand Cart
35:50 Town Watch
38:01 Iron Casting
40:01 Imperial Age
39:55 Town Patrol
40:04 Cavalier
41:22 Plate Barding Armor
41:47 Blast Furnace
41:47 Paladin
42:52 Ballistics
43:00 Chivalry
43:24 Conscription
46:07 Fletching
46:36 Light Cavalry
50:05 Gold Shaft Mining
53:37 Bodkin Arrow
53:40 Pikeman
54:21 Squires
54:07 Arson
54:26 Scale Mail Armor
bsd
4:28 Loom
13:34 Feudal Age
18:41 Castle Age
17:20 Double-Bit Axe
18:22 Bloodlines
19:28 Scale Barding Armor
19:42 Horse Collar
22:03 Wheelbarrow
22:43 Husbandry
23:23 Forging
32:08 Imperial Age
30:39 Padded Archer Armor
30:30 Fletching
30:37 Fletching
38:20 Iron Casting
37:52 Gold Mining
40:16 Hand Cart
39:47 Town Watch
40:18 Stone Mining
43:25 Chain Barding Armor
43:25 Tusk Swords
45:47 Pikeman
46:30 Scale Mail Armor
47:14 Murder Holes
48:22 Heavy Plow
48:50 Conscription
48:56 Halberdier
50:37 Chain Mail Armor
54:14 Plate Barding Armor
|GaoeG| flamingo
4:26 Loom
4:54 Loom
14:02 Feudal Age
17:50 Castle Age
16:16 Double-Bit Axe
19:12 Bow Saw
18:44 Horse Collar
21:09 Fletching
23:09 Bodkin Arrow
24:01 Wheelbarrow
26:00 Padded Archer Armor
27:27 Gold Mining
27:41 Heavy Plow
29:36 Kasbah
31:18 Ballistics
32:06 Stone Mining
32:52 Gold Shaft Mining
32:39 Town Watch
33:13 Hand Cart
35:09 Bloodlines
35:01 Husbandry
38:02 Imperial Age
37:44 Scale Barding Armor
39:15 Conscription
38:18 Heavy Camel Rider
39:23 Chain Barding Armor
40:40 Plate Barding Armor
40:16 Forging
40:53 Maghrebi Camels
41:27 Town Watch
42:55 Stone Shaft Mining
46:41 Iron Casting
50:03 Blast Furnace
49:05 Bracer
50:08 Chemistry
|GaoeG| Joseba77
13:04 Feudal Age
17:22 Castle Age
19:21 Double-Bit Axe
20:15 Gold Mining
20:55 Loom
24:23 Horse Collar
28:50 Husbandry
29:02 Bloodlines
34:39 Bow Saw
39:07 Imperial Age
39:23 Wheelbarrow
40:27 Light Cavalry
41:13 Scale Barding Armor
42:50 Chain Barding Armor
43:06 Supremacy
44:13 Plate Barding Armor
44:04 Forging
45:44 Hand Cart
45:20 Cavalier
46:39 Iron Casting
49:58 Chemistry
48:32 Hussar
50:58 Conscription
51:03 Padded Archer Armor
52:05 Blast Furnace
Connection lost

Rejoining the realm…

Still unreachable

The connection could not be restored.

Session expired

The server has moved on; the page needs a fresh start.